 Dungeon Crawl Stone Soup version 0.21-a0-258-g4c0eb85 (webtiles) character file.

414 namelastname112 the Ducker (level 6, -3/39 HPs)
             Began as a Tengu Monk on Sept 6, 2017.
             Killed themself with a badly aimed iceblast (13 damage)
             ... on level 5 of the Dungeon.
             The game lasted 00:05:24 (4108 turns).

namelastname112 the Ducker (Tengu Monk)             Turns: 4108, Time: 00:05:25

Health: -3/39      AC:  6    Str: 13    XL:     6   Next: 91%
Magic:  6/6        EV: 13    Int: 11    God:
Gold:   143        SH:  0    Dex: 16    Spells: 5/5 levels left

rFire    . . .     SeeInvis .   n - staff of cold (curse)
rCold    + . .     Gourm    .   (no shield)
rNeg     . . .     Faith    .   i - +0 ring mail
rPois    .         Spirit   .   (helmet restricted)
rElec    .         Reflect  .   k - +0 cloak
rCorr    .         Harm     .   (no gloves)
MR       .....                  (boots unavailable)
Stlth    +.........             (no amulet)
HPRegen  0.13/turn              (no ring)
MPRegen  0.10/turn              (no ring)

@: no status effects
A: beak, horns 1, talons 3, blurry vision 1, low mp 1, wild magic 1, able to fly
1
a: Fly


You were on level 5 of the Dungeon.
You were not hungry.

You visited 1 branch of the dungeon, and saw 5 of its levels.

You collected 229 gold pieces.
You spent 86 gold pieces at shops.

Inventory:

Hand Weapons
 r - a +1 dagger of venom
Armour
 i - a +0 ring mail (worn)
 k - a +0 cloak (worn)
Magical Staves
 n - a cursed staff of cold (weapon)
Wands
 m - a wand of random effects (41/48)
 p - a wand of polymorph (4/24)
Scrolls
 h - a scroll of fog
 u - a scroll of recharging
Potions
 a - a potion of agility
 d - a potion of experience {unknown}
 e - 2 potions of degeneration {unknown}
 j - a potion of curing
 l - 3 potions of heal wounds {unknown}
 o - a potion of brilliance {unknown}
 s - a potion of berserk rage
Comestibles
 b - 5 bread rations
 c - 3 fruits
 f - 2 royal jellies
 g - 2 meat rations
 q - 2 chunks of flesh


   Skills:
 + Level 4.5 Fighting
 + Level 3.4 Armour
 + Level 5.0 Dodging
 - Level 2.0 Stealth
 + Level 5.0 Unarmed Combat


You had 5 spell levels left.
You didn't know any spells.

Dungeon Overview and Level Annotations

Branches:
Dungeon (5/15)
 Temple: D:4-7

Altars:
Fedhas
Nemelex Xobeh
Okawaru
Trog
Wu Jian
Xom

Shops:
D:4 =*


Innate Abilities, Weirdness & Mutations

You have a beak for a mouth.
You have claws for feet.
You can fly.
You have a pair of small horns on your head.
Scrolls take you a little longer to read.
Your magical capacity is low. (-10% MP)
Your spells are a little harder to cast, but a little more powerful.


Message History

You punch the wyvern, but do no damage.
The wyvern is heavily wounded.
The wyvern bites you!
* * * LOW HITPOINT WARNING * * *
You take 14 damage, and have 9/39 hp.
MASSIVE DAMAGE!!
Evoke which item? (* to show all) (? for menu, Esc to quit)
Aiming: Polymorph (will waste charges)
Press: ? - help, Shift-Dir - straight line, f/p - wyvern
Aim: a wyvern (heavily wounded, chance to defeat MR: 46%)
The wyvern resists with some effort.
Evoking this partially-identified wand wasted a few charges.
The wyvern barely misses you. x2
Evoke which item? (* to show all) (? for menu, Esc to quit)
Aiming: Random Effects (will waste charges)
Press: ? - help, Shift-Dir - straight line, f/p - wyvern
Aim: a wyvern (heavily wounded)
The mass of ice explodes!
The iceblast engulfs the wyvern.
The wyvern is severely wounded.
The iceblast engulfs you! You partially resist.
You die...

# #..# #.#..#
#.#..# #.#..#
....# ...# #..#
#l.# # #@.#
....#########..#
#............#
#.#########..#
#..########
#..........
##.########
#......#
#.####.#


You could see a wyvern.

Vanquished Creatures
  Sigmund (D:4)
  A howler monkey (D:5)
  Jessica (D:3)
  Terence (D:2)
  Natasha (D:2)
  4 adders
  A worker ant zombie (D:3)
  2 oozes
  4 worms
  4 dart slugs
  2 leopard geckos
  3 orcs
  2 ball pythons
  A bat zombie (D:2)
  2 giant cockroaches
  3 hobgoblins
  A jackal (D:1)
  5 kobolds
  3 quokkas
  4 bats
  5 frilled lizards
  4 goblins
  27 rats
82 creatures vanquished.

Notes
Turn   | Place    | Note
-------+----------+-------------------------------------------
     0 | D:1      | namelastname112 the Tengu Monk began the quest for the Orb.
     0 | D:1      | Reached XP level 1. HP: 14/14 MP: 2/2
     0 | D:1      | Noticed a merfolk zombie
     7 | D:1      | Noticed a minotaur zombie
   186 | D:1      | Reached XP level 2. HP: 19/19 MP: 3/3
   414 | D:1      | Reached XP level 3. HP: 19/23 MP: 4/4
   866 | D:2      | Reached skill level 1 in Armour
  1128 | D:2      | Reached XP level 4. HP: 18/28 MP: 5/5
  1233 | D:2      | Found an ornate altar of the Wu Jian Council.
  1233 | D:2      | Found a bloodstained altar of Trog.
  1323 | D:2      | Noticed Terence
  1332 | D:2      | Killed Terence
  1349 | D:2      | Noticed Natasha
  1351 | D:2      | Noticed an orc warrior
  1354 | D:2      | Killed Natasha
  1354 | D:2      | Gained mutation: You can fly. [Tengu growth]
  1354 | D:2      | Reached XP level 5. HP: 21/33 MP: 6/6
  1744 | D:3      | Found a shimmering altar of Xom.
  1753 | D:3      | Found a sparkling altar of Nemelex Xobeh.
  1994 | D:3      | Found a blossoming altar of Fedhas.
  2081 | D:3      | Found a deep blue altar of Sif Muna.
  2083 | D:3      | Found a radiant altar of Vehumet.
  2083 | D:3      | Found a shimmering altar of Xom.
  2085 | D:3      | Found a stormy altar of Qazlal.
  2085 | D:3      | Found a shadowy altar of Dithmenos.
  2085 | D:3      | Found an opulent altar of Gozag.
  2184 | D:3      | Noticed Jessica
  2192 | D:3      | Killed Jessica
  2622 | D:4      | Found Zumeyj's Assorted Antiques.
  2630 | D:4      | Bought 2 sedimented brown potions for 55 gold pieces
  2630 | D:4      | Bought a scroll labeled OVILYVV JAREPN for 31 gold pieces
  3227 | D:4      | Noticed Sigmund
  3241 | D:4      | Killed Sigmund
  3241 | D:4      | Reached XP level 6. HP: 9/39 MP: 7/7
  3469 | D:4      | Found an iron altar of Okawaru.
  3556 | D:4      | Gained mutation: You have a pair of small horns on your head. [potion of mutation]
  3556 | D:4      | Gained mutation: Your magical capacity is low. (-10% MP) [potion of mutation]
  3556 | D:4      | Gained mutation: Scrolls take you a little longer to read. [potion of mutation]
  3556 | D:4      | Gained mutation: Your spells are a little harder to cast, but a little more powerful. [potion of mutation]
  3618 | D:4      | Found Oshruok's Jewellery Shop.
  3701 | D:5      | Entered Level 5 of the Dungeon
  4094 | D:5      | Reached skill level 5 in Dodging
  4094 | D:5      | Reached skill level 5 in Unarmed Combat
  4103 | D:5      | Noticed a hornet
  4104 | D:5      | Noticed a wyvern
  4104 | D:5      | a hornet changed into a wyvern
  4108 | D:5      | Killed themself with a badly aimed iceblast

Vault maps used:
D:1:      shiori_arrival_whats_in_store_for_you, serial_bayou_pond_b,
          minmay_surrounded
D:2:      grunt_temple_overflow_open, first_bread, uniq_natasha, uniq_terence
D:3:      nicolae_overflow_crystal_walls, amethyst_overflow_temple_binary,
          doesnt_xom_only_xom, uniq_jessica
D:4:      nicolae_overflow_hidden_temple, serial_shops, shop, shop,
          moated_statue, minmay_rat_hole, uniq_sigmund
D:5:      kennysheep_mini_moat

Skill      XL: |  1  2  3  4  5  6 |
---------------+-------------------+-----
Armour         | 1 3 |  3.4
Dodging        | 4 5 |  5.0
Unarmed Combat | 4 5 |  5.0
Fighting       | 4 |  4.5
Stealth        | |  2.0

Action                   |  1- 3 |  4- 6 || total
-------------------------+-------+-------++-------
Melee: Unarmed           |    81 |    60 ||   141
       Kick              |    23 |    45 ||    68
       Peck              |     8 |    23 ||    31
       Punch             |     1 |     4 ||     5
       Dagger            |       |    41 ||    41
       Staff             |       |    45 ||    45
       Headbutt          |       |    10 ||    10
Evoke: Wand              |       |     4 ||     4
  Use: Scroll            |       |    10 ||    10
       Potion            |       |     1 ||     1
  Eat: Chunk             |     1 |     7 ||     8
       Fruit             |       |     2 ||     2
Armor: Robe              |     1 |       ||     1
       Ring mail         |    32 |    32 ||    64
Dodge: Dodged            |    51 |    63 ||   114

Table legend:
 A = Spawn XP
 B = Non-spawn XP
 C = Spawn XP percentage of total XP
 D = Spawn monster count
 E = Non-spawn monster count
 F = Spawn count percentage of total count
 G = Total turns spent on level
                    A         B        C        D         E        F      G
               +---------+---------+-------+---------+---------+-------+---------
         Total |       0 |     592 |   0.0 |       0 |      82 |   0.0 |  4108
               +---------+---------+-------+---------+---------+-------+---------
           D:1 |       0 |      41 |   0.0 |       0 |      18 |   0.0 |   710
           D:2 |       0 |     132 |   0.0 |       0 |      24 |   0.0 |   779
           D:3 |       0 |      93 |   0.0 |       0 |      13 |   0.0 |  1080
           D:4 |       0 |     267 |   0.0 |       0 |      25 |   0.0 |  1406
           D:5 |       0 |      59 |   0.0 |       0 |       2 |   0.0 |   133
               +---------+---------+-------+---------+---------+-------+---------
